 Dungeon Crawl Stone Soup version 0.25-a0-110-ge29c8f2358 (console) character file.

Game seed: 14754488087496249867, levelgen mode: deterministic

54 Kagalorn the Grasshopper (level 4, 0/29 HPs)
             Began as a Halfling Warper on Nov 20, 2019.
             Slain by Sigmund
             ... wielding a +0 scythe
              (9 damage)
             ... on level 2 of the Dungeon.
             The game lasted 00:04:44 (1336 turns).

Kagalorn the Grasshopper (Halfling Warper)          Turns: 1336, Time: 00:04:44

Health: 0/29       AC:  4    Str: 12    XL:     4   Next: 12%
Magic:  3/6        EV: 15    Int: 12    God:
Gold:   78         SH:  0    Dex: 13    Spells: 2/6 levels left

rFire    . . .     SeeInvis .   h - +0 hunting sling
rCold    . . .     Gourm    .   (shield restricted)
rNeg     . . .     Faith    .   b - +0 leather armour
rPois    .         Spirit   .   (no helmet)
rElec    .         Reflect  .   (no cloak)
rCorr    .         Harm     .   (no gloves)
MR       .....                  i - +0 pair of boots
Stlth    +.........             (no amulet)
HPRegen  0.09/turn              (no ring)
MPRegen  0.10/turn              (no ring)

@: confused, very slightly contaminated
A: small, mutation resistance 1
a: no special abilities


You were on level 2 of the Dungeon.
You were hungry.

You visited 1 branch of the dungeon, and saw 2 of its levels.

You collected 78 gold pieces.

Inventory:

Hand Weapons
 a - a +0 falchion
 h - a +0 hunting sling (weapon)
Missiles
 e - 5 boomerangs of dispersal
 m - 14 stones (quivered)
Armour
 b - a +0 leather armour (worn)
 i - a +0 pair of boots (worn)
Jewellery
 j - an uncursed ring of wizardry {unknown}
 n - an uncursed ring of ice {unknown}
Scrolls
 c - a scroll of immolation {unknown}
 d - a scroll of blinking
 k - 2 scrolls of enchant weapon {unknown}
 l - a scroll of teleportation {unknown}
 p - 2 scrolls of identify {unknown}
Potions
 g - a potion of brilliance {unknown}
 o - a potion of curing {unknown}
Comestibles
 f - 4 rations


   Skills:
 - Level 1.7 Fighting
 + Level 2.8 Long Blades
 - Level 1.0 Throwing
 - Level 1.1 Armour
 + Level 3.0 Dodging
 - Level 1.6 Spellcasting
 * Level 1.2 Charms
 * Level 3.7 Translocations


You had 2 spell levels left.
You knew the following spells:

 Your Spells              Type           Power        Failure   Level  Hunger
a - Blink                 Tloc           N/A          12%         2    ###....
b - Shroud of Golubria    Chrm/Tloc      #.....       21%         2    ###....

Your spell library contained the following spells:

 Spells                   Type           Power        Failure   Level  Hunger
 Gell's Gravitas          Tloc           #.........   24%         3    ####...
 Lesser Beckoning         Tloc           #.........   24%         3    ####...
 Teleport Other           Tloc           #.......     24%         3    ####...
 Passage of Golubria      Tloc           N/A          61%         4    #####..


Dungeon Overview and Level Annotations

Branches:
Dungeon (2/15)

Altars:
Xom

Annotations:
D:2 Sigmund


Innate Abilities, Weirdness & Mutations

You are small and have problems with some larger weapons.
You are somewhat resistant to further mutation.


Message History

You resist with some effort.
Firing (i - inventory. (/) - cycle)
m - 15 stones (quivered)
Press: ? - help, Shift-Dir - straight line, f/p - Sigmund
Aim: Sigmund, wielding a +0 scythe and wearing a +0 robe (heavily wounded)
You shoot a stone. Sigmund gestures at you while chanting.
You are more confused.
Sigmund hits you from afar with a +0 scythe.
Sigmund says, "Your kind have come here before.
I understand now why.
You desire death..."
Sigmund points at you and mumbles some strange words.
You are more confused.
You see here a stone.
You bump into the rock wall.
Sigmund misses you. Sigmund misses you.
You see here a stone.
Sigmund gestures at you while chanting. The puff of flame hits you.
You see here a stone.
Sigmund hits you from afar with a +0 scythe!
You die...

##### ##### #(@.# #####
#...# #...# ....## #...#
#.@(# #
###..####...###...##### #
_♣##........'.(.......# #
.♣≈######...###......(######
## .≈≈##..##...#
#...(...##...#####.
≈≈#≈...##...#
#(#.###.##.........
♣.§.#..##...#
#.#.#.#.##.........


You could see Sigmund.

Vanquished Creatures
  A worker ant (D:2)
  A dart slug (D:1)
  A worm (D:2)
  A leopard gecko (D:1)
  A giant cockroach (D:1)
  3 goblins
  2 hobgoblins
  5 bats
  3 frilled lizards
  A kobold (D:1)
  10 rats (D:1)
29 creatures vanquished.

Notes
Turn   | Place    | Note
-------+----------+-------------------------------------------
     0 | D:1      | Kagalorn the Halfling Warper began the quest for the Orb.
     0 | D:1      | Reached XP level 1. HP: 14/14 MP: 3/3
   218 | D:1      | Reached XP level 2. HP: 13/19 MP: 4/4
   223 | D:1      | Learned a level 2 spell: Blink
   226 | D:1      | Learned a level 2 spell: Shroud of Golubria
   796 | D:1      | Reached XP level 3. HP: 20/24 MP: 5/5
   906 | D:2      | Reached skill level 1 in Charms
   945 | D:2      | Reached XP level 4. HP: 29/29 MP: 6/6
   977 | D:2      | Found a shimmering altar of Xom.
   978 | D:2      | Found a shimmering altar of Xom.
   978 | D:2      | Found a shimmering altar of Xom.
   979 | D:2      | Found a shimmering altar of Xom.
  1284 | D:2      | Noticed Sigmund
  1336 | D:2      | Slain by Sigmund

Levels and vault maps discovered:
D:1:      nzn_arrival_crosshair, layout_loops_corners, minmay_rat_gold_closets
D:2:      layout_basic, lemuel_round_altar, xom_redecorated, uniq_sigmund

Skill      XL: |  1  2  3  4 |
---------------+-------------+-----
Charms         | 1 |  1.2
Dodging        | 3 |  3.0
Fighting       | |  1.7
Long Blades    | |  2.8
Throwing       | |  1.0
Armour         | |  1.1
Spellcasting   | |  1.6
Translocations | |  3.7

Action                   |  1- 3 |  4- 6 || total
-------------------------+-------+-------++-------
Melee: Falchion          |    73 |    18 ||    91
 Fire: Hunting sling     |       |    10 ||    10
 Cast: Shroud of Golubri |     1 |     1 ||     2
       Blink             |       |     1 ||     1
 Stab: Sleeping          |     3 |       ||     3
  Eat: Chunk             |       |     1 ||     1
Armor: Leather armour    |    17 |       ||    17
Dodge: Dodged            |    62 |    15 ||    77
       Rpst.: Falchion   |    23 |     3 ||    26

Table legend:
 A = Non-vault XP
 B = Vault XP
 C = Vault XP percentage of total XP
 D = Non-vault monster count
 E = Vault monster count
 F = Vault count percentage of total count
                 A         B        C        D         E       F
            +---------+---------+-------+---------+---------+-------
      Total |      70 |       8 |  10.3 |      21 |       8 |  27.6
            +---------+---------+-------+---------+---------+-------
        D:1 |      22 |       8 |  26.7 |      13 |       8 |  38.1
        D:2 |      48 |       0 |   0.0 |       8 |       0 |   0.0
            +---------+---------+-------+---------+---------+-------
